 Dungeon Crawl Stone Soup version 0.31-a0-851-g7ff8af7976 (webtiles) character file.

Game seed: 15457101987764524586

32111 croobank the Spear-Bearer (level 13, -8/90 HPs)
             Began as a Gnoll Shapeshifter on Oct 6, 2023.
             Was a High Priest of Hepliaklqana.
             Mangled by a skyshark (9 damage)
             ... on level 5 of the Lair of Beasts on Oct 7, 2023.
             The game lasted 00:55:39 (15349 turns).

croobank the Spear-Bearer (Gnoll Shapeshifter)     Turns: 15349, Time: 00:55:40

Health: -8/90      AC: 15    Str: 14    XL:     13   Next: 62%
Magic:  0/25       EV: 15    Int: 14    God:    Hepliaklqana [*****.]
Gold:   1159       SH:  9    Dex: 12    Spells: 5/29 levels left

rFire   . . .        t - +2 war axe (spect)
rCold   . . .        r - +3 buckler
rNeg    . . .        V - +1 steam dragon scales
rPois   .            D - +0 helmet
rElec   .            (no cloak)
rCorr   .            (no gloves)
SInv    .            (no boots)
Will    +....        I - amulet of guardian spirit
Stlth   ++++         m - +4 ring of protection
HPRegen 0.35/turn    (no ring)
MPRegen 0.19/turn

%: guardian spirit
@: studying Polearms
A: reduced essence, fangs 1, strong nose, distributed training, iridescent
scales 1, strong-willed 1, subdued magic 1, sturdy frame 1
a: Renounce Religion, Recall Ancestor, Ancestor Identity, Transference, Idealise


You were on level 5 of the Lair of Beasts.
You worshipped Hepliaklqana.
Hepliaklqana was extremely pleased with you.
You visited 3 branches of the dungeon, and saw 16 of its levels.
You also visited: Sewer and Volcano.

You collected 1159 gold pieces.

Inventory:

Hand Weapons
 t - a +2 spectral war axe (weapon)
 y - a +1 arbalest of flaming
 A - a +2 demon whip of flaming
 F - a +0 mace of flaming
 R - the +1 battleaxe of Fortitude {antimagic, rElec rN+ Int-3 Dex+5}
   (You found it on level 5 of the Dungeon)

   Int-3:     It affects your intelligence (-3).
   Dex+5:     It affects your dexterity (+5).
   rElec:     It insulates you from electricity.
   rN+:       It protects you from negative energy.
 S - a +1 morningstar of holy wrath
 X - a +4 scimitar of flaming
Missiles
 d - 3 javelins
 k - 4 silver javelins
 x - 70 poisoned darts
 H - 5 atropa-tipped darts
 T - 8 curare-tipped darts (quivered)
 W - 2 throwing nets
Armour
 g - a +2 leather armour of fire resistance
 r - a +3 buckler (worn)
 D - a +0 helmet (worn)
 V - +1 steam dragon scales (worn)
Jewellery
 j - a ring of willpower
 m - a +4 ring of protection (left hand)
 u - a ring of fire
 z - a ring of ice
 I - an amulet of guardian spirit (around neck)
 K - a +6 ring of dexterity
Talismans
 c - a beast talisman
Wands
 a - a wand of flame (9)
 J - a wand of paralysis (6)
 N - a wand of polymorph (4)
Scrolls
 e - a scroll of brand weapon
 f - a scroll of amnesia
 i - 4 scrolls of blinking
 o - 6 scrolls of teleportation
 s - 6 scrolls of vulnerability
 v - 2 scrolls of immolation
 w - a scroll of revelation
 E - a scroll of enchant weapon
 M - a scroll of fog
Potions
 b - 5 potions of lignification
 h - 2 potions of magic
 n - 2 potions of resistance
 p - a potion of brilliance
 B - 3 potions of invisibility
 C - 2 potions of might
 G - a potion of mutation
 L - 5 potions of curing
 P - a potion of ambrosia
 Q - 2 potions of attraction
 Y - 2 potions of haste


   Skills:
 + Level 9.0 Fighting
 + Level 8.6 Short Blades
 + Level 8.6 Long Blades
 + Level 8.6 Axes
 + Level 8.6 Maces & Flails
 + Level 11.4 Polearms
 + Level 8.6 Staves
 + Level 8.6 Ranged Weapons
 + Level 8.6 Throwing
 + Level 8.6 Armour
 + Level 9.8 Dodging
 + Level 8.6 Stealth
 + Level 8.6 Shields
 + Level 10.8 Unarmed Combat
 + Level 8.6 Spellcasting
 + Level 7.1 Conjurations
 + Level 7.1 Hexes
 + Level 7.1 Summonings
 + Level 7.1 Necromancy
 + Level 7.1 Translocations
 + Level 7.1 Transmutations
 + Level 7.1 Fire Magic
 + Level 7.1 Ice Magic
 + Level 7.1 Air Magic
 + Level 7.1 Earth Magic
 + Level 7.1 Poison Magic
 + Level 9.4 Invocations
 + Level 8.6 Evocations
 + Level 10.3 Shapeshifting


You had 5 spell levels left.
You knew the following spells:

 Your Spells              Type           Power      Damage    Failure   Level
a - Blink                 Tloc           40%        N/A       1%          2
b - Poisonous Vapours     Pois/Air       40%        N/A       1%          2
c - Wereblood             Tmut           20%        N/A       1%          2
d - Summon Guardian Gole  Hex/Summ       20%        N/A       1%          3
e - Stone Arrow           Conj/Erth      40%        3d9       1%          3
f - Mephitic Cloud        Conj/Pois/Air  20%        N/A       1%          3
g - Olgreb's Toxic Radia  Pois           20%        N/A       6%          4
h - Arcjolt               Conj/Air       10%        1d20      19%         5

Your spell library contained the following spells:

 Spells                   Type           Power      Damage    Failure   Level
 Magic Dart               Conj           80%        1d7       1%          1
 Sandblast                Erth           40%        2d10      1%          1
 Sting                    Tmut/Pois      80%        1d7       1%          1
 Summon Small Mammal      Summ           80%        N/A       1%          1
 Call Imp                 Summ           40%        N/A       1%          2
 Lesser Beckoning         Tloc           40%        N/A       1%          2
 Momentum Strike          Conj/Tloc      40%        3d9       1%          2
 Passwall                 Tmut/Erth      16%        N/A       1%          2
 Call Canine Familiar     Summ           20%        N/A       1%          3
 Ignite Poison            Fire/Tmut/Pois 20%        N/A       1%          3
 Inner Flame              Hex/Fire       20%        N/A       1%          3
 Brom's Barrelling Bould  Conj/Erth      20%        2d4       6%          4
 Sticky Flame             Conj/Fire      20%        2d4       6%          4
 Vhi's Electric Charge    Tloc/Air       40%        N/A       6%          4
 Irradiate                Conj/Tmut      10%        3d15      19%         5
 Yara's Violent Unravell  Hex/Tmut       10%        3d6       19%         5
 Plasma Beam              Fire/Air       10%        2x1d21    71%         6
 Enfeeble                 Hex            10%        N/A       99%         7
 Ignition                 Fire           10%        3d5       100%        8


Dungeon Overview and Level Annotations

Branches:
Dungeon (10/15)            Temple (1/1) D:5            Lair (5/5) D:8
 Shoals (0/4) Lair:2        Snake (0/4) Lair:3          Orc (0/2) D:10
  Sewer (visited)         Volcano (visited)
  Slime: Lair:4-5

Altars:
Ashenzari
Cheibriados
Dithmenos
Elyvilon
Fedhas
Gozag
Hepliaklqana
Kikubaaqudgha
Makhleb
Nemelex Xobeh
Okawaru
Qazlal
Ru
Sif Muna
Trog
Uskayaw
Vehumet
Wu Jian
Xom
Yredelemnul
Zin
The Shining One

Annotations:
D:10 exclusion: obsidian statue


Innate Abilities, Weirdness & Mutations

Your life essence is reduced to manifest your ancestor. (-10% HP)
You have very sharp teeth.
Your uncanny sense of smell can sniff out nearby items.
Your experience applies equally to all skills.
You are partially covered in iridescent scales. (AC +2)
You are strong-willed. (Will+)
Your spells are a little easier to cast, but a little less powerful.
Your movements are slightly less encumbered by armour. (ER -2)


Message History

You slash the skyshark! You bite the skyshark.
The skyshark is severely wounded.
You hit the bush.
Your +2 spectral war axe hits the skyshark.
Your +2 spectral war axe hits the bush. x2
Your +2 spectral war axe hits the skyshark but does no damage.
The skyshark closely misses you. The skyshark misses you.
The skyshark barely misses you. The skyshark bites you!
* * * LOW HITPOINT WARNING * * *
You block the skyshark's attack. The skyshark tail-slaps you.
* * * LOW HITPOINT WARNING * * *
You hit the skyshark. Your bite misses the skyshark.
The skyshark is severely wounded.
You hit the bush.
Your +2 spectral war axe hits the skyshark!
Your +2 spectral war axe completely misses the bush.
Your +2 spectral war axe hits the bush.
Your +2 spectral war axe hits the skyshark but does no damage.
Your primal bloodlust has ended.
The skyshark barely misses your +2 spectral war axe.
The skyshark tail-slaps your +2 spectral war axe.
Your spectral weapon shares its damage with you!
* * * LOW HITPOINT WARNING * * *
The skyshark closely misses your +2 spectral war axe.
You slash the skyshark!
The skyshark is almost dead.
You hit the bush but do no damage.
Your +2 spectral war axe hits the skyshark but does no damage.
Your +2 spectral war axe hits the bush but does no damage.
Your +2 spectral war axe hits the bush!
You destroy the bush!
Your +2 spectral war axe hits the skyshark but does no damage.
The skyshark bites your +2 spectral war axe!!
Your spectral weapon shares its damage with you!
* * * LOW HITPOINT WARNING * * *
The skyshark tail-slaps your +2 spectral war axe.
Your spectral weapon shares its damage with you!
Your +2 spectral war axe disappears.
The skyshark bites you!
You die...

.......†...........
....................
...Y..............#
...#..#......##...#
......P.P....####.#
..............##
..............P#
..............P#
......†l@.<....#
....##.......P##
............P..#
................
.................
.................
................
................


You could see a skyshark (berserk) and a yak (fleeing).

Vanquished Creatures
  A two-headed ogre (D:10)
  An orb spider (Lair:1)
  2 wizards (Volcano)
  Pikel (D:4)
  5 elephants
  5 toenail golems (Volcano)
  A black mamba (Lair:3)
  3 cane toads
  4 komodo dragons
  Psyche (D:8)
  An unseen horror zombie (D:8)
  2 rime drakes
  A troll (D:10)
  A hornet (D:8)
  9 blink frogs
  Grinder (Sewer)
  Sigmund (D:4)
  2 wyverns
  3 fire bats (Lair:2)
  10 yaks
  4 steam dragons
  Menkaure (D:4)
  2 acid dragons (D:9)
  11 water moccasins
  A sky beast (D:5)
  An orc warrior (D:8)
  3 black bears
  2 ogres
  5 wolves (Lair:2)
  5 centaurs
  A lemure (D:4)
  A phantom (D:2)
  4 kobold brigands
  6 bullfrogs
  2 scorpions
  3 necrophages (D:8)
  6 wights (D:8)
  4 howler monkeys
  4 crimson imps (D:8)
  8 orc priests
  2 centaur zombies (D:8)
  5 hounds
  A quasit (Sewer)
  A human zombie (D:8)
  2 sleepcaps
  Natasha (thrice) (D:4)
  4 iguanas
  12 orc wizards
  A gnoll (D:2)
  A howler monkey zombie (D:8)
  5 adders
  3 shadow imps
  4 ufetubi
  7 worms
  3 dart slugs
  59 orcs
  4 bats
  9 endoplasms
  3 giant cockroaches
  4 goblins
  8 hobgoblins
  A jackal (D:2)
  33 kobolds
  3 quokkas
  10 ball pythons
  A frilled lizard (D:1)
  8 rats
326 creatures vanquished.

Vanquished Creatures (collateral kills)
  Erica (D:8)
  A hydra (Lair:2)
  A dancing weapon (Volcano)
  A wizard (Volcano)
  2 elephants
  A rime drake (Lair:2)
  4 cane toads
  2 komodo dragons
  A polar bear (Lair:4)
  7 blink frogs
  10 yaks
  A wyvern (Lair:2)
  2 shadows
  2 basilisks
  3 steam dragons
  3 water moccasins
  A hornet zombie (D:8)
  2 centaurs (D:9)
  6 wolves
  A kobold brigand (D:8)
  4 bullfrogs
  2 wights (D:8)
  A centaur zombie (D:8)
  2 orc priests
  6 orc wizards
  10 orcs
  A goblin (D:10)
  A hobgoblin (D:10)
  5 kobolds
84 creatures vanquished.

Vanquished Creatures (others)
  2 wizards (Volcano)
  2 elephants (Lair:2)
  4 wolves (Lair:2)
  4 battlemagi
  An orc priest (D:8)
  An ancestor (D:7)
  An adder zombie (Sewer)
  2 spectral weapons
17 creatures vanquished.

Grand Total: 427 creatures vanquished

Notes
Turn   | Place    | Note
-------+----------+-------------------------------------------
     0 | D:1      | croobank the Gnoll Shapeshifter began the quest for the
                  | Orb.
     0 | D:1      | Reached XP level 1. HP: 17/17 MP: 1/1
   167 | D:1      | Reached XP level 2. HP: 20/23 MP: 2/2
   549 | D:2      | Reached XP level 3. HP: 25/28 MP: 3/3
   745 | D:2      | Found a sparkling altar of Nemelex Xobeh.
   789 | D:2      | Reached skill level 1 in Invocations
   802 | D:2      | Learned a level 2 spell: Blink
   872 | D:2      | Reached skill level 1 in Short Blades
   872 | D:2      | Reached skill level 1 in Long Blades
   872 | D:2      | Reached skill level 1 in Axes
   872 | D:2      | Reached skill level 1 in Maces & Flails
   872 | D:2      | Reached skill level 1 in Polearms
   872 | D:2      | Reached skill level 1 in Staves
   872 | D:2      | Reached skill level 1 in Ranged Weapons
   872 | D:2      | Reached skill level 1 in Throwing
   872 | D:2      | Reached skill level 1 in Armour
   872 | D:2      | Reached skill level 1 in Stealth
   872 | D:2      | Reached skill level 1 in Shields
   872 | D:2      | Reached skill level 1 in Spellcasting
   872 | D:2      | Reached skill level 1 in Evocations
  1140 | D:2      | Noticed a phantom
  1153 | D:2      | Reached XP level 4. HP: 31/34 MP: 5/5
  1165 | D:2      | Killed a phantom
  1166 | D:2      | Reached skill level 1 in Conjurations
  1166 | D:2      | Reached skill level 1 in Hexes
  1166 | D:2      | Reached skill level 1 in Summonings
  1166 | D:2      | Reached skill level 1 in Necromancy
  1166 | D:2      | Reached skill level 1 in Translocations
  1166 | D:2      | Reached skill level 1 in Transmutations
  1166 | D:2      | Reached skill level 1 in Fire Magic
  1166 | D:2      | Reached skill level 1 in Ice Magic
  1166 | D:2      | Reached skill level 1 in Air Magic
  1166 | D:2      | Reached skill level 1 in Earth Magic
  1166 | D:2      | Reached skill level 1 in Poison Magic
  1166 | D:2      | Reached XP level 5. HP: 18/40 MP: 5/7
  1450 | D:2      | Learned a level 2 spell: Poisonous Vapours
  1939 | D:3      | Found a snail-covered altar of Cheibriados.
  2128 | D:3      | Found a glowing drain.
  2135 | Sewer    | Entered a sewer
  2270 | Sewer    | Noticed a kobold brigand
  2274 | Sewer    | Reached XP level 6. HP: 47/47 MP: 8/8
  2276 | Sewer    | Reached skill level 2 in Polearms
  2276 | Sewer    | Reached skill level 5 in Dodging
  2277 | Sewer    | Found a burning altar of Makhleb.
  2300 | Sewer    | Noticed Grinder
  2306 | Sewer    | Killed Grinder
  2307 | Sewer    | Reached XP level 7. HP: 42/52 MP: 10/10
  3213 | D:4      | Noticed Sigmund
  3221 | D:4      | Found a glowing golden altar of the Shining One.
  3238 | D:4      | Gained mutation: You have sharp toenails. [potion of
                  | mutation]
  3238 | D:4      | Gained mutation: You do not regenerate when monsters are
                  | visible. [potion of mutation]
  3238 | D:4      | Gained mutation: You have sharp fingernails. [potion of
                  | mutation]
  3238 | D:4      | Gained mutation: You have a pair of small horns on your
                  | head. [potion of mutation]
  3244 | D:4      | Killed Sigmund
  3376 | D:4      | Reached XP level 8. HP: 55/60 MP: 10/12
  3444 | D:4      | Reached skill level 3 in Polearms
  3736 | D:4      | Found a sacrificial altar of Ru.
  3756 | D:4      | Noticed Menkaure
  3762 | D:4      | Killed Menkaure
  3954 | D:4      | Noticed Pikel
  3960 | D:4      | Killed Pikel
  4154 | D:4      | Noticed Natasha
  4159 | D:4      | Killed Natasha
  4255 | D:4      | Noticed Natasha
  4260 | D:4      | Killed Natasha
  4286 | D:4      | Noticed Natasha
  4299 | D:4      | Killed Natasha
  4300 | D:4      | Reached XP level 9. HP: 44/66 MP: 7/14
  4669 | D:5      | Entered Level 5 of the Dungeon
  4795 | D:5      | Identified the +1 battleaxe of Fortitude {antimagic, rElec
                  | rN+ Int-3 Dex+5}
  4818 | D:5      | Found a hazy altar of Hepliaklqana.
  4825 | D:5      | Reached skill level 4 in Polearms
  5100 | D:5      | Found a staircase to the Ecumenical Temple.
  5106 | Temple   | Entered the Ecumenical Temple
  5157 | D:5      | Became a worshipper of Hepliaklqana the Forgotten
  5176 | D:5      | Found a broken altar of Ashenzari.
  5219 | D:5      | Found a stormy altar of Qazlal.
  5413 | D:5      | Reached skill level 5 in Fighting
  5759 | D:6      | Found a shadowy altar of Dithmenos.
  5768 | D:6      | Learned a level 2 spell: Wereblood
  5975 | D:6      | Reached * piety under Hepliaklqana
  6301 | D:7      | Reached skill level 5 in Invocations
  6341 | D:7      | Reached skill level 5 in Polearms
  6589 | D:7      | Found a shimmering blue altar of Sif Muna.
  6720 | D:7      | Found a blossoming altar of Fedhas.
  6964 | D:7      | You fall into a shaft and drop 3 floors!
  6964 | D:10     | Entered Level 10 of the Dungeon
  6991 | D:10     | Noticed a two-headed ogre
  6994 | D:10     | Noticed an obsidian statue
  7013 | D:10     | Killed a two-headed ogre
  7014 | D:10     | Reached skill level 5 in Short Blades
  7014 | D:10     | Reached skill level 5 in Long Blades
  7014 | D:10     | Reached skill level 5 in Axes
  7014 | D:10     | Reached skill level 5 in Maces & Flails
  7014 | D:10     | Reached skill level 5 in Staves
  7014 | D:10     | Reached skill level 5 in Ranged Weapons
  7014 | D:10     | Reached skill level 5 in Throwing
  7014 | D:10     | Reached skill level 5 in Armour
  7014 | D:10     | Reached skill level 5 in Stealth
  7014 | D:10     | Reached skill level 5 in Shields
  7014 | D:10     | Reached skill level 5 in Spellcasting
  7014 | D:10     | Reached skill level 5 in Evocations
  7014 | D:10     | Reached XP level 10. HP: 55/68 MP: 13/17
  7083 | D:8      | Found a white marble altar of Elyvilon.
  7107 | D:8      | Reached skill level 6 in Polearms
  7119 | D:8      | Found an ancient bone altar of Kikubaaqudgha.
  7160 | D:8      | Noticed Psyche
  7168 | D:8      | Killed Psyche
  7187 | D:8      | Found a staircase to the Lair.
  7332 | D:8      | Found a shimmering altar of Xom.
  7493 | D:8      | Reached skill level 7 in Polearms
  8179 | D:7      | Reached ** piety under Hepliaklqana
  8180 | D:7      | Remembered your ancestor Ayize as a battlemage
  8230 | D:7      | Found a burning altar of Makhleb.
  8293 | D:7      | Found an iron altar of Okawaru.
  8769 | D:8      | Reached XP level 11. HP: 74/74 MP: 19/19
  8776 | D:8      | Found a basalt altar of Yredelemnul.
  8800 | D:8      | Reached skill level 5 in Conjurations
  8800 | D:8      | Reached skill level 5 in Hexes
  8800 | D:8      | Reached skill level 5 in Summonings
  8800 | D:8      | Reached skill level 5 in Necromancy
  8800 | D:8      | Reached skill level 5 in Translocations
  8800 | D:8      | Reached skill level 5 in Transmutations
  8800 | D:8      | Reached skill level 5 in Fire Magic
  8800 | D:8      | Reached skill level 5 in Ice Magic
  8800 | D:8      | Reached skill level 5 in Air Magic
  8800 | D:8      | Reached skill level 5 in Earth Magic
  8800 | D:8      | Reached skill level 5 in Poison Magic
  8900 | D:9      | Noticed Erica
  8919 | D:8      | Killed Erica
  9322 | D:9      | Reached skill level 8 in Polearms
  9870 | D:10     | Found a staircase to the Orcish Mines.
 10084 | D:10     | Found a bloodstained altar of Trog.
 10412 | Lair:1   | Entered Level 1 of the Lair of Beasts
 10439 | Lair:1   | Lost mutation: You have sharp fingernails. [potion of
                  | mutation]
 10439 | Lair:1   | Lost mutation: You have a pair of small horns on your head.
                  | [potion of mutation]
 10439 | Lair:1   | Gained mutation: Armour fits poorly on your strangely
                  | shaped body. [potion of mutation]
 10439 | Lair:1   | Gained mutation: You have razor-sharp toenails. [potion of
                  | mutation]
 10877 | Lair:1   | Reached *** piety under Hepliaklqana
 11001 | Lair:1   | Lost mutation: Armour fits poorly on your strangely shaped
                  | body. [potion of mutation]
 11001 | Lair:1   | Lost mutation: You do not regenerate when monsters are
                  | visible. [potion of mutation]
 11001 | Lair:1   | Gained mutation: You are frail. (-10% HP) [potion of
                  | mutation]
 11002 | Lair:1   | Lost mutation: You have razor-sharp toenails. [potion of
                  | mutation]
 11002 | Lair:1   | Lost mutation: You are frail. (-10% HP) [potion of
                  | mutation]
 11002 | Lair:1   | Gained mutation: You are partially covered in iridescent
                  | scales. (AC +2) [potion of mutation]
 11002 | Lair:1   | Gained mutation: You are weak. (Str -2) [potion of
                  | mutation]
 11002 | Lair:1   | Gained mutation: You have razor-sharp toenails. [potion of
                  | mutation]
 11003 | Lair:1   | Lost mutation: You are weak. (Str -2) [potion of mutation]
 11003 | Lair:1   | Lost mutation: You have razor-sharp toenails. [potion of
                  | mutation]
 11003 | Lair:1   | Lost mutation: You have sharp toenails. [potion of
                  | mutation]
 11003 | Lair:1   | Gained mutation: Your spells are a little easier to cast,
                  | but a little less powerful. [potion of mutation]
 11003 | Lair:1   | Gained mutation: You are strong-willed. (Will+) [potion of
                  | mutation]
 11003 | Lair:1   | Gained mutation: Your movements are slightly less
                  | encumbered by armour. (ER -2) [potion of mutation]
 11363 | Lair:1   | Reached skill level 9 in Polearms
 11363 | Lair:1   | Reached XP level 12. HP: 60/81 MP: 14/22
 11425 | Lair:1   | Noticed Urug
 11428 | Lair:1   | Urug changed into Urug the orb spider
 11428 | Lair:1   | Noticed Urug
 11438 | Lair:1   | Killed Urug the orb spider
 11878 | Lair:2   | Found a staircase to the Shoals.
 11911 | Lair:2   | Found a dark tunnel.
 11934 | Volcano  | Entered a volcano
 11939 | Volcano  | Learned a level 3 spell: Mephitic Cloud
 11943 | Volcano  | Learned a level 3 spell: Stone Arrow
 11947 | Volcano  | Learned a level 3 spell: Summon Guardian Golem
 11952 | Volcano  | Learned a level 4 spell: Olgreb's Toxic Radiance
 11958 | Volcano  | Learned a level 5 spell: Arcjolt
 11973 | Volcano  | Reached skill level 10 in Unarmed Combat
 12085 | Volcano  | Reached skill level 10 in Polearms
 12509 | Lair:2   | Noticed a seven-headed hydra
 12521 | Lair:2   | Killed a three-headed hydra
 12557 | Lair:2   | Reached XP level 13. HP: 35/89 MP: 2/24
 13079 | Lair:2   | HP: 4/89 [rime drake/icy flash freeze (31)]
 13080 | Lair:2   | Reached skill level 10 in Shapeshifting
 13108 | Lair:3   | HP: 4/89 [blink frog (9)]
 13119 | Lair:3   | Reached **** piety under Hepliaklqana
 13454 | Lair:3   | Found a staircase to the Snake Pit.
 13739 | Lair:3   | You fall into a shaft and drop 1 floor!
 13910 | Lair:3   | Reached skill level 11 in Polearms
 14942 | Lair:4   | Reached ***** piety under Hepliaklqana
 15149 | Lair:5   | Entered Level 5 of the Lair of Beasts
 15343 | Lair:5   | HP: 1/90 [skyshark (19)]
 15349 | Lair:5   | HP: 1/90 [skyshark (17)]
 15349 | Lair:5   | Mangled by a skyshark

Illustrated notes

Levels and vault maps discovered:
D:1:      wheals_arrival_shading, layout_rooms
D:2:      layout_basic, basic_altar, minmay_parallelograms,
          nicolae_kite_square_tiling_tiny, corexii_leaking_fountain,
          minmay_divided_ellipse
D:3:      layout_loops_corners, mainiacjoe_overflow_tiny_flanked,
          portal_sewer_entry_b, minmay_misc_feat_four_crosses,
          chequers_big_river, kennysheep_donut, kennysheep_generic_room_14
D:4:      layout_basic, mainiacjoe_overflow_catwalk,
          nicolae_overflow_crystal_walls, uniq_sigmund, uniq_natasha,
          uniq_pikel, uniq_menkaure
D:5:      layout_rooms, nicolae_qazlal_beasts_of_the_sky,
          mainiacjoe_overflow_catch_the_wave, temple_green, minmay_manual_mares
D:6:      layout_loops_ring, nicolae_dithmenos_shadow_blocks,
          dreamdust_mushroom_princess
D:7:      layout_loops_corners, led_sif_book, lemuel_tele_altar,
          mainiacjoe_overflow_big_doors, eino_small_chamber_without_monster,
          eino_tiny_chamber, kennysheep_generic_room_5
D:8:      layout_rooms, nicolae_kikubaaqudgha_miasma_corner, led_xom_imps,
          lemuel_mausoleum_altar_yredelemnul, mainiacjoe_overflow_alcove_2,
          grunt_lair_entry_orc_guard_hut, minmay_diced_spiral, uniq_psyche
D:9:      layout_loops_cross, uniq_erica
D:10:     layout_basic, trog_hazing_becter, hiddenorc2_lemuel,
          minmay_statue_bubble
Temple:   nicolae_temple_superstar
Lair:1:   layout_regular_city, infiniplex_staircase_pool, serial_bayou_shore_b,
          serial_bayou_shore_b, uniq_urug
Lair:2:   layout_loops_ring, shoals_dummy_entry, nicolae_volcano_entry_batcave,
          bobbens_dragon_lair_wall, uniq_gastronok
Lair:3:   layout_chaotic_city, dummy_snake_entry
Lair:4:   layout_regular_city, chequers_serial_rivers_small_b
Lair:5:   grunt_lair_end_beastmaster, layout_gridlike, slime_entry_1

Skill      XL: |  1  2  3  4  5  6  7  8  9 10 11 12 13 |
---------------+----------------------------------------+-----
Invocations    | 1 2 3 4 5 6 7 8 9 |  9.4
Short Blades   | 1 2 3 5 6 7 8 |  8.6
Long Blades    | 1 2 3 5 6 7 8 |  8.6
Axes           | 1 2 3 5 6 7 8 |  8.6
Maces & Flails | 1 2 3 5 6 7 8 |  8.6
Polearms       | 1 2 3 5 7 9 10 11 | 11.4
Staves         | 1 2 3 5 6 7 8 |  8.6
Ranged Weapons | 1 2 3 5 6 7 8 |  8.6
Throwing       | 1 2 3 5 6 7 8 |  8.6
Armour         | 1 2 3 5 6 7 8 |  8.6
Stealth        | 1 2 3 5 6 7 8 |  8.6
Shields        | 1 2 3 5 6 7 8 |  8.6
Spellcasting   | 1 2 3 5 6 7 8 |  8.6
Evocations     | 1 2 3 5 6 7 8 |  8.6
Conjurations   | 1 2 3 4 5 6 7 |  7.1
Hexes          | 1 2 3 4 5 6 7 |  7.1
Summonings     | 1 2 3 4 5 6 7 |  7.1
Necromancy     | 1 2 3 4 5 6 7 |  7.1
Translocations | 1 2 3 4 5 6 7 |  7.1
Transmutations | 1 2 3 4 5 6 7 |  7.1
Fire Magic     | 1 2 3 4 5 6 7 |  7.1
Ice Magic      | 1 2 3 4 5 6 7 |  7.1
Air Magic      | 1 2 3 4 5 6 7 |  7.1
Earth Magic    | 1 2 3 4 5 6 7 |  7.1
Poison Magic   | 1 2 3 4 5 6 7 |  7.1
Fighting       | 3 4 5 6 7 8 9 |  9.0
Dodging        | 5 6 7 8 9 |  9.8
Unarmed Combat | 7 8 9 10 | 10.8
Shapeshifting  | 7 8 9 10 | 10.3

Action                     |  1- 3 |  4- 6 |  7- 9 | 10-12 | 13-15 || total
---------------------------+-------+-------+-------+-------+-------++-------
  Melee: Unarmed           |    73 |    26 |     4 |       |       ||   103
         Punch             |     4 |     3 |     5 |     9 |       ||    21
         Bite              |     4 |     4 |    18 |    40 |    20 ||    86
         War axe           |       |    53 |   151 |   271 |   131 ||   606
         Kick              |       |       |    44 |    47 |       ||    91
         Headbutt          |       |       |    23 |    39 |       ||    62
         Scimitar          |       |       |       |     6 |       ||     6
  Throw: Dart              |       |       |    11 |     2 |       ||    13
   Cast: Poisonous Vapours |       |       |     4 |       |       ||     4
         Wereblood         |       |       |     7 |    35 |    15 ||    57
         Summon Guardian G |       |       |       |     2 |     1 ||     3
 Invoke: Recall Ancestor   |       |       |       |     1 |       ||     1
         Ancestor Life: Ba |       |       |       |     1 |       ||     1
  Evoke: Wand              |       |       |       |     3 |     1 ||     4
    Use: Scroll            |       |     1 |     7 |    15 |     1 ||    24
         Potion            |       |       |     6 |     8 |     6 ||    20
   Stab: Sleeping          |     1 |       |     8 |     7 |     2 ||    18
         Distracted        |       |       |     2 |     7 |     4 ||    13
         Paralysed         |       |       |       |       |     2 ||     2
 Armour: Animal skin       |    26 |    38 |    81 |    38 |       ||   183
         Steam dragon scal |       |       |       |   128 |   102 ||   230
         Robe              |       |       |       |    14 |       ||    14
         Leather armour    |       |       |       |     5 |       ||     5
  Dodge: Dodged            |    42 |    39 |    86 |   172 |   112 ||   451
  Block: Buckler           |       |       |       |    53 |    83 ||   136
         Form:             |       |       |       |     1 |       ||     1

Table legend: (Time is in decaauts)
 A = Elapsed time spent in this place.
 B = Non-inter-level travel time spent in this place.
 C = Inter-level travel time spent in this place.
 D = Time resting spent in this place.
 E = Time spent auto-exploring this place.
 F = Levels seen in this place.
 G = Mean time per level.
                   A        B        C        D        E       F      G
               +--------+--------+--------+--------+--------+-----+--------+
         Total |  15508 |  14957 |    551 |   1978 |   9829 |  18 |  861.6 |
       Dungeon |   9965 |   9479 |    486 |    931 |   6786 |  10 |  996.5 |
        Temple |      1 |      0 |      1 |      0 |      0 |   1 |    1.0 |
          Lair |   4601 |   4537 |     64 |    880 |   2728 |   5 |  920.2 |
         Sewer |    558 |    558 |      0 |    167 |    136 |   1 |  558.0 |
       Volcano |    380 |    380 |      0 |      0 |    178 |   1 |  380.0 |
               +--------+--------+--------+--------+--------+-----+--------+

Top non-repeatable levels by time:
     D:4: 1502 daAuts
     D:7: 1502 daAuts
  Lair:1: 1413 daAuts
     D:8: 1242 daAuts
  Lair:3: 1199 daAuts
     D:3: 1136 daAuts
     D:2: 1121 daAuts
  Lair:2: 921 daAuts
     D:6: 872 daAuts
  Lair:4: 862 daAuts
     D:5: 764 daAuts
    D:10: 762 daAuts
     D:9: 655 daAuts
   Sewer: 558 daAuts
     D:1: 405 daAuts
